 Dungeon Crawl Stone Soup version 0.20.1-1-g8b1a95d (webtiles) character file.

1686427 NorthaanB the Conqueror (level 27, 409/409 HPs)
             Began as a Red Draconian Transmuter on Aug 24, 2017.
             Was the Champion of Okawaru.
             Escaped with the Orb
             ... and 3 runes on Aug 25, 2017!
             The game lasted 03:34:53 (70956 turns).

NorthaanB the Conqueror (Red Draconian Transmuter) Turns: 70956, Time: 03:34:53

Health: 409/409    AC: 23    Str: 28    XL:     27
Magic:  32/39      EV: 15    Int: 18    God:    Okawaru [******]
Gold:   4484       SH:  0    Dex: 15    Spells: 14/50 levels left

rFire    + + .     SeeInvis .     - Unarmed
rCold    . . .     Gourm    .   (shield currently unavailable)
rNeg     . . .     Faith    .   (armour unavailable)
rPois    +         Spirit   .   (helmet currently unavailable)
rElec    +         Reflect  .   (cloak currently unavailable)
rCorr    .         Harm     .   (gloves currently unavailable)
MR       +++..                  (boots currently unavailable)
Stlth    +.........             M - amulet of regeneration
Regen    1.2/turn               N - ring of Diecreod {rElec rC+ MR+ Dex+2}
MPRegen  0.3/turn               H - +4 ring of slaying

@: dragon-form, flying
A: breathe fire, unfitting armour, clumsy 1, mutation resistance 1, AC +13
0: Orb of Zot
}: 3/15 runes: decaying, abyssal, gossamer
a: Breathe Fire, End Transformation, Heroism, Finesse, Renounce Religion


You escaped.
You worshipped Okawaru.
Okawaru was exalted by your worship.
You were not hungry.
You were a fearsome dragon!
You visited 9 branches of the dungeon, and saw 48 of its levels.
You visited the Abyss 3 times.
You visited 1 ziggurat, and saw 5 of its levels.
You also visited: Ice Cave.

You collected 6177 gold pieces.
You spent 1693 gold pieces at shops.

Inventory:

Missiles
 n - a throwing net (quivered)
 E - 1260 arrows
Armour
 a - a +2 pair of boots of running (melded)
 G - a +5 shield of protection (melded)
 P - a scarf of repulsion (melded)
 T - the +2 pair of gloves of the Hunter (melded) {Dex+6 Stlth-}
   (Okawaru gifted it to you on level 6 of the Lair of Beasts)

   It affects your dexterity (+6).
   It makes you less stealthy.
 U - a +2 hat of intelligence (melded)
Jewellery
 l - an uncursed ring of poison resistance
 H - a +4 ring of slaying (right foreclaw)
 M - an amulet of regeneration (around neck)
 N - the ring of Diecreod (left foreclaw) {rElec rC+ MR+ Dex+2}
   (You bought it in a shop on level 2 of the Elven Halls)

   [ring of protection from magic]

   It affects your dexterity (+2).
   It protects you from cold.
   It insulates you from electricity.
   It affects your resistance to hostile enchantments.
Wands
 q - a wand of lightning (10/15)
 s - a wand of clouds (5/9)
 A - a wand of paralysis (13/24)
 L - a wand of lightning (8/15)
 Q - a wand of acid (7/15)
 W - a wand of iceblast (13/15)
 X - a wand of digging (6/24)
Scrolls
 g - 7 scrolls of recharging
 i - 9 scrolls of magic mapping
 j - 6 scrolls of teleportation
 t - 27 scrolls of remove curse
 x - 3 scrolls of immolation
 y - 2 scrolls of holy word
 z - 11 scrolls of fog
 D - 6 scrolls of amnesia
 F - 12 scrolls of fear
 R - 4 scrolls of identify
 Y - 2 scrolls of enchant armour
 Z - a scroll of blinking
Potions
 d - 4 potions of agility
 e - 5 potions of brilliance
 h - 7 potions of might
 k - 5 potions of mutation
 p - 2 potions of ambrosia
 r - 11 potions of flight
 u - 5 potions of haste
 w - a potion of heal wounds
 B - 2 potions of resistance
 C - 11 potions of curing
 J - 4 potions of cancellation
 S - 3 potions of invisibility
 V - 2 potions of magic
Books
 o - a book of the Dragon

   Spells                             Type                      Level
   a - Flame Tongue                   Conjuration/Fire             1
   b - Cause Fear                     Hexes                        4
   c - Bolt of Fire                   Conjuration/Fire             6
   d - Dragon Form                    Transmutation                7
   e - Dragon's Call                  Summoning                    9
Miscellaneous
 b - a lightning rod (3/4)
 m - a lamp of fire
 I - 4 phantom mirrors
 O - 2 boxes of beasts
Comestibles
 c - 22 bread rations
 f - 33 fruits
 v - 13 meat rations


   Skills:
 O Level 27 Fighting
 + Level 16.4 Dodging
 - Level 12.4 Shields
 - Level 24.4 Unarmed Combat
 - Level 12.0 Spellcasting
 - Level 2.2 Charms
 - Level 7.4 Necromancy
 - Level 18.0 Transmutations
   Level 2.5 Ice Magic
 - Level 2.0 Poison Magic
 - Level 5.0 Invocations
 - Level 11.4 Evocations


You had 14 spell levels left.
You knew the following spells:

 Your Spells              Type           Power        Failure   Level  Hunger
a - Beastly Appendage     Tmut           ######       0%          1    None
b - Sticks to Snakes      Tmut           ######..     0%          2    None
c - Spider Form           Tmut/Pois      #####.....   1%          3    None
d - Dragon Form           Tmut           ######....   3%          7    #######
e - Blade Hands           Tmut           ######....   1%          5    ####...
f - Apportation           Tloc           ##....       6%          1    None
g - Regeneration          Chrm/Necr      ####......   2%          3    None
h - Animate Dead          Necr           N/A          3%          4    ##.....
i - Control Undead        Necr           #####.....   3%          4    ##.....
j - Animate Skeleton      Necr           N/A          1%          1    None
k - Dispel Undead         Necr           #####...     9%          5    ####...


Dungeon Overview and Level Annotations

Branches:
Dungeon (15/15)            Temple (0/1) D:4            Lair (6/6) D:9
  Swamp (4/4) Lair:4       Spider (4/4) Lair:4        Slime (0/5) Lair:5
    Orc (2/2) D:11            Elf (3/3) Orc:2        Vaults (4/5) D:14
  Crypt (0/3) Vaults:2     Depths (5/5) D:15            Zot (5/5) Depths:5

Altars:
Hepliaklqana
Nemelex Xobeh
Okawaru
Ru
Xom
The Shining One
Beogh
Jiyva

Shops:
D:4 %   D:9 ?   Orc:2 }:([   Elf:2 ([==!   Zot:3 *

Portals:
Hell: Depths:1 Depths:2 Depths:3 Depths:4 Depths:5
Abyss: Depths:1 Depths:2 Depths:4
Pandemonium: Depths:1 Depths:2 Depths:3 Depths:5

Annotations:
Swamp:4 1 exclusion
Elf:2 3 runed doors
Vaults:4 1 exclusion
Depths:2 2 transporters, exclusions: door and orange crystal statue
Depths:3 exclusion: door
Zot:5 exclusions: obsidian statue and orange crystal statue


Innate Abilities, Weirdness & Mutations

You can breathe blasts of fire.
Your fiery red scales are hard. (AC +13)
You cannot fit into any form of body armour.
((Your flesh is heat resistant. (rF+)))
((You are cold-blooded and may be slowed by cold attacks.))
You are clumsy. (Dex -2)
You are somewhat resistant to further mutation.


Message History

Where to? (Enter - D:1 @ (x,y), ? - help) Magic restored.
There is a fountain of clear blue water here.
There is a fountain of clear blue water here.
There is a fountain of clear blue water here.
There is an escape hatch in the floor here.
There is a fountain of clear blue water here.
There is a staircase leading out of the dungeon here.
Casting: Dragon Form
Confirm with . or Enter, or press ? or * to list all spells.
You turn into a fearsome dragon!
Your scarf of repulsion melds into your body.
Your +2 hat of intelligence melds into your body.
The +2 pair of gloves of the Hunter {Dex+6 Stlth-} melds into your body.
Your +2 pair of boots of running melds into your body.
Your +5 shield of protection melds into your body.
The haze of the repulsion field disappears.
You feel stupid.
You feel rather sluggish.
You feel less protected.
You have escaped!

..............#...........#
.....########.#...........#######
###### #.#...........'...... #
#.#...........####### #
#........###### # ###############
# #.............# #
#.............# # #......D......#
###### #.............# .....#
#.............#
.....##########.⌠.######
.....'........#...#
.....########.#.>.#
..###########.#...#
..'...........#.⌠.#
..####...######...#


There were no monsters in sight!

Vanquished Creatures
  5 ancient liches (Zot:5)
  5 orbs of fire (Zot:5)
  Mennas (Depths:4)
  4 pandemonium lords
  3 greater mummies (Depths:3)
  Boris (Depths:4)
  Sojobo (Depths:3)
  Bai Suzhen (Depths:1)
  Margery (Depths:1)
  4 curse toes
  3 Killer Klowns
  the Enchantress (Depths:5)
  Jory (Vaults:3)
  9 golden dragons
  6 bone dragons
  3 electric golems
  3 hellephants (Abyss:4)
  A Tzitzimitl (Zot:5)
  15 tentacled monstrosities
  An iron giant (Zig:2)
  2 Ice Fiends
  29 Orb Guardians
  3 Hell Sentinels
  5 liches
  3 quicksilver dragons
  An Executioner (Abyss:3)
  2 deep elf blademasters (Elf:3)
  4 deep elf master archers (Elf:3)
  2 acid blobs (Depths:2)
  9 death cobs
  2 sphinxes
  16 tentacled starspawn
  Kirke (D:14)
  2 thorn hunters
  3 tengu reavers (Depths:3)
  2 shadow dragons
  Donald (Spider:2)
  A revenant (Abyss:4)
  5 storm dragons
  3 azure jellies (Depths:2)
  A draconian scorcher (Abyss:3)
  A draconian monk (Abyss:4)
  3 orc warlords
  4 draconian knights
  3 emperor scorpions
  5 deep elf sorcerers
  7 frost giants
  9 fire giants
  A draconian stormcaller (Depths:5)
  4 ghost moths
  2 iron dragons
  Louise (D:15)
  9 vault wardens
  2 cacodemons
  2 balrugs (Abyss:2)
  3 draconian shifters
  A juggernaut zombie (D:15)
  3 deep elf elementalists (Elf:3)
  7 draconian annihilators
  3 spriggan defenders
  A war gargoyle (Vaults:2)
  13 stone giants
  31 very ugly things
  8 ironheart preservers
  7 black draconians
  2 entropy weavers
  4 deep elf demonologists (Elf:3)
  4 deep elf annihilators
  2 lorocyprocas
  4 green draconians
  Nessos (D:13)
  5 red draconians
  3 white draconians (Zot:5)
  2 purple draconians
  3 yellow draconians
  4 deep elf death magi
  11 spark wasps
  Snorg (Lair:3)
  A merfolk impaler (Depths:3)
  2 eidola
  4 merfolk javelineers
  13 ettins
  5 death oozes (Depths:2)
  2 mummy priests (Depths:3)
  9 fire dragons
  12 yaktaur captains
  4 green deaths
  Josephine (Lair:5)
  A blizzard demon (Abyss:3)
  Fannar (Lair:3)
  8 great orbs of eyes
  13 ice dragons
  7 deep elf high priests
  24 hydras
  11 vault guards
  7 rakshasas
  17 two-headed ogres
  8 centaur warriors
  A ghost crab (Swamp:4)
  4 spriggan air magi
  2 catoblepae
  9 ogre magi
  9 dancing weapons
  5 death yaks (Lair:6)
  10 alligators
  2 death knights
  2 vampire magi
  6 deep troll earth magi
  8 hell hogs
  2 orc high priests
  14 thrashing horrors
  8 tengu warriors
  6 deep troll shamans
  5 spriggan berserkers
  7 hell knights
  11 deep elf knights
  The ghost of NorthaanB the Fighter, a novice DrTm of Ru (D:9)
  A titan skeleton (Abyss:4)
  3 sun demons
  The ghost of CitizenNev the Blocker, a novice MiFi of Okawaru (D:8)
  A fire crab (shapeshifter) (Zig:4)
  5 iron trolls
  6 sixfirhies
  2 soul eaters
  A salamander mystic (Depths:3)
  A shadow wraith (Abyss:4)
  A sea snake (shapeshifter) (Elf:1)
  11 skeletal warriors
  10 wretched stars
  3 spatial maelstroms
  3 flayed ghosts
  An unseen horror (shapeshifter) (Depths:1)
  23 deep trolls
  A storm dragon skeleton (Vaults:4)
  4 glowing orange brains
  An infernal demonspawn (Depths:2)
  2 shambling mangroves
  3 spriggan druids
  A shadow dragon zombie (Vaults:4)
  7 unseen horrors
  14 starcursed masses
  11 deep elf archers
  A shadow demon (Abyss:4)
  10 orc knights
  7 swamp dragons
  3 phantasmal warriors
  8 ironbrand convokers
  7 necromancers
  6 wizards
  A mana viper (Abyss:4)
  A harpy (shapeshifter) (Vaults:1)
  6 harpies
  A wolf spider zombie (Abyss:2)
  23 orb spiders
  An orb spider (shapeshifter) (Depths:2)
  A manticore (shapeshifter) (Depths:2)
  49 deep elf magi
  63 ugly things
  22 wolf spiders
  3 orc sorcerers
  A wolf spider (shapeshifter) (Depths:4)
  2 stone giant zombies
  3 manticores
  2 human zombies (Vaults:2)
  A frost giant skeleton (Vaults:4)
  3 salamanders
  6 cyclopes
  An elephant (shapeshifter) (D:15)
  A frost giant zombie (Abyss:3)
  A toenail golem (Abyss:1)
  4 worldbinders
  3 stone giant skeletons
  3 black mambas
  2 moths of wrath
  2 rust devils (Depths:2)
  2 sphinx skeletons (Vaults:2)
  2 elephants (Lair:1)
  15 vault sentinels
  An apocalypse crab (Abyss:3)
  A fire giant skeleton (Vaults:2)
  2 centaur zombies
  6 orange demons
  6 human skeletons (Vaults:2)
  2 ice statues
  13 smoke demons
  A naga mage (Abyss:4)
  A guardian serpent (Abyss:2)
  38 spiny frogs
  An eye of devastation (Zig:1)
  A spiny frog (shapeshifter) (Depths:1)
  4 torpor snails
  5 centaur skeletons
  3 rime drakes
  5 spectral swamp worms (Depths:4)
  14 demonic crawlers
  A yaktaur (shapeshifter) (Abyss:4)
  3 hellions
  40 yaktaurs
  9 freezing wraiths
  2 efreet
  7 komodo dragons
  A komodo dragon (shapeshifter) (Depths:3)
  2 tormentors
  4 anaconda simulacra (IceCv)
  7 ancient zymes
  6 red devils
  6 hellwings
  8 ice devils
  10 trolls
  2 yaktaur skeletons (Vaults:2)
  A tengu conjurer (Depths:1)
  A meliai (D:15)
  A polar bear (shapeshifter) (Abyss:4)
  2 polar bears (Lair:5)
  A silent spectre (Abyss:4)
  28 jumping spiders
  17 hornets
  6 bog bodies
  A blink frog (shapeshifter) (Depths:3)
  11 tyrant leeches
  14 hippogriffs
  2 wind drakes (shapeshifter) (Abyss:2)
  49 blink frogs
  A dream sheep (Lair:6)
  2 fire giant simulacra
  20 raiju
  A slime creature (shapeshifter) (Depths:2)
  A fire dragon zombie (D:15)
  41 slime creatures
  10 flying skulls
  A redback (shapeshifter) (Vaults:4)
  29 large abominations
  35 tarantellas
  3 centaur simulacra
  A spriggan (shapeshifter) (Depths:2)
  A vampire (D:14)
  2 air elementals (Elf:3)
  10 ynoxinuls
  85 redbacks
  13 spriggans
  20 water elementals
  8 wraiths
  2 dire elephant simulacra
  3 hungry ghosts
  2 wyverns
  4 shadows
  2 ettin skeletons (Abyss:4)
  3 fire elementals
  8 neqoxecs
  2 steam dragons
  37 yaks
  23 small abominations
  3 basilisks
  Edmund (D:4)
  17 humans (D:14)
  A hog (D:14)
  6 chaos spawn
  A golden eye (shapeshifter) (Depths:1)
  43 vampire mosquitoes
  4 spatial vortices
  3 iron troll simulacra (IceCv)
  4 harpy simulacra (IceCv)
  A soldier ant (shapeshifter) (Depths:2)
  4 nagas
  2 acid dragons
  13 insubstantial wisps
  19 swamp worms
  6 wargs
  2 hydra simulacra (IceCv)
  12 water moccasins
  11 porcupines
  2 floating eyes
  52 orc warriors
  5 sky beasts
  15 swamp drakes
  2 phantoms
  4 eyes of draining
  6 ice beasts
  A snapping turtle zombie (Abyss:2)
  12 boggarts
  4 ettin simulacra
  24 ogres
  A necrophage (D:14)
  16 wolves
  9 centaurs
  A crocodile (shapeshifter) (Vaults:4)
  Blork the orc (D:4)
  18 crocodiles
  37 bullfrogs
  2 yaktaur zombies (D:15)
  4 big kobolds
  A wyvern skeleton (D:10)
  3 earth elementals
  A deep troll simulacrum (Vaults:2)
  9 scorpions
  20 killer bees
  An orc simulacrum (Vaults:2)
  21 wights
  2 swamp dragon simulacra (IceCv)
  3 howler monkeys
  7 electric eels
  A bullfrog zombie (D:6)
  3 crimson imps
  2 draconian simulacra (IceCv)
  12 hounds
  2 quasits
  11 jellies
  34 orc priests
  46 orc wizards
  A bullfrog skeleton (D:11)
  A gnoll shaman (D:7)
  2 iron imps
  Ijyb (D:4)
  2 iguanas
  A spriggan simulacrum (IceCv)
  18 worker ants
  4 troll simulacra (IceCv)
  2 wolf simulacra (IceCv)
  A hound zombie (D:9)
  2 hound skeletons
  7 gnolls
  A howler monkey skeleton (D:11)
  12 adders
  2 naga simulacra (IceCv)
  4 shadow imps
  10 white imps
  6 ufetubi
  7 oozes (Depths:2)
  2 adder zombies
  4 worms
  2 dart slugs
  4 leopard geckos
  158 orcs
  5 giant cockroaches
  11 goblins
  8 hobgoblins
  9 jackals
  6 quokkas
  9 bats
  7 frilled lizards
  A jackal skeleton (D:5)
  27 kobolds
  2 leopard gecko skeletons
  A leopard gecko zombie (D:7)
  2 quokka skeletons
  2 quokka zombies (D:7)
  10 rats
  A briar patch (Zig:3)
  2 crawling corpses (Elf:3)
  A plant (D:9)
  8 starspawn tentacles
2618 creatures vanquished.

Vanquished Creatures (collateral kills)
  A deep elf sorcerer (Elf:3)
  A yaktaur captain (Vaults:1)
  A centaur warrior (Vaults:3)
  A two-headed ogre (D:10)
  An iron troll (Depths:1)
  2 ugly things
  A yaktaur (Vaults:1)
  2 hornets
  3 dream sheep (Lair:6)
  A hornet zombie (D:15)
  A bullfrog (Lair:6)
  2 gnolls (D:1)
  2 adders
  A leopard gecko (D:3)
  A bat (D:3)
  2 jackals (D:1)
  A frilled lizard (D:3)
24 creatures vanquished.

Vanquished Creatures (others)
  Boris (Depths:5)
  A deep elf high priest (Elf:1)
  A hell hog (Abyss:4)
  A deep elf knight (Elf:1)
  2 deep elf magi (Elf:1)
  A jumping spider (Spider:4)
  A large abomination (Abyss:3)
  A redback (Spider:4)
  A chaos spawn (Abyss:4)
  2 humans (D:14)
  A small abomination (Abyss:3)
  A crimson imp (D:15)
  3 ufetubi (IceCv)
  2 orcs (D:12)
  5 briar patches (Zig:3)
  7 fungi (Lair:6)
  A lurking horror (Abyss:4)
  34 plants
  18 starspawn tentacles
  A withered plant (D:15)
85 creatures vanquished.

Grand Total: 2727 creatures vanquished

Notes
Turn   | Place    | Note
-------+----------+-------------------------------------------
     0 | D:1      | NorthaanB the Draconian Transmuter began the quest for the Orb.
     0 | D:1      | Reached XP level 1. HP: 16/16 MP: 3/3
    32 | D:1      | Found an iron altar of Okawaru.
    43 | D:1      | Became a worshipper of Warmaster Okawaru
   182 | D:1      | Reached XP level 2. HP: 20/23 MP: 5/5
   188 | D:1      | Learned a level 2 spell: Sticks to Snakes
   305 | D:1      | Reached skill level 2 in Fighting
   402 | D:1      | Reached XP level 3. HP: 10/29 MP: 2/6
  1750 | D:2      | Found a shimmering altar of Xom.
  1763 | D:2      | Reached XP level 4. HP: 37/37 MP: 7/7
  2009 | D:2      | Learned a level 3 spell: Spider Form
  2421 | D:3      | Reached skill level 3 in Fighting
  2628 | D:3      | Found a glowing golden altar of the Shining One.
  2894 | D:4      | Noticed Ijyb
  2895 | D:4      | Found a staircase to the Ecumenical Temple.
  2903 | D:4      | Paralysed by Ijyb for 4 turns
  2909 | D:4      | Killed Ijyb
  2909 | D:4      | Reached XP level 5. HP: 19/45 MP: 1/8
  3099 | D:4      | Reached * piety under Okawaru
  3203 | D:4      | Found Vant's Food Shoppe.
  3213 | D:4      | Noticed Edmund
  3523 | D:3      | Reached skill level 4 in Fighting
  3565 | D:4      | Reached XP level 6. HP: 44/52 MP: 3/9
  3841 | D:4      | Reached skill level 5 in Unarmed Combat
  3865 | D:4      | Found a sacrificial altar of Ru.
  4095 | D:3      | Reached skill level 1 in Poison Magic
  4246 | D:4      | Killed Edmund
  4246 | D:4      | Your scales start taking on a fiery red colour.
  4246 | D:4      | Reached XP level 7. HP: 46/60 MP: 5/10
  4246 | D:4      | Gained mutation: Your flesh is heat resistant. (rF+) [Red Draconian growth]
  4546 | D:4      | Reached skill level 5 in Fighting
  4606 | D:4      | Noticed Blork the orc
  4614 | D:4      | Killed Blork the orc
  4778 | D:4      | Reached ** piety under Okawaru
  5143 | D:5      | Entered Level 5 of the Dungeon
  6544 | D:6      | Reached skill level 5 in Transmutations
  6556 | D:6      | Reached XP level 8. HP: 40/70 MP: 8/11
  6713 | D:6      | Reached skill level 6 in Fighting
  7116 | D:6      | Found a hazy altar of Hepliaklqana.
  7544 | D:6      | Reached skill level 7 in Fighting
  7848 | D:6      | Learned a level 4 spell: Ice Form
  8049 | D:7      | Reached *** piety under Okawaru
  8049 | D:7      | Reached skill level 1 in Ice Magic
  8224 | D:7      | Reached XP level 9. HP: 68/79 MP: 12/12
  8249 | D:6      | HP: 3/94 [killer bee (5)]
  8613 | D:7      | Found a sparkling altar of Nemelex Xobeh.
  8744 | D:7      | Reached skill level 8 in Fighting
  8803 | D:7      | Found a sand-covered staircase.
  9434 | D:8      | Noticed CitizenNev's ghost (novice MiFi)
  9453 | D:8      | Killed CitizenNev's ghost
  9453 | D:8      | Reached **** piety under Okawaru
  9550 | D:8      | Reached skill level 9 in Fighting
  9561 | D:8      | Reached ***** piety under Okawaru
  9561 | D:8      | Reached XP level 10. HP: 87/91 MP: 10/13
 10766 | D:9      | Noticed a two-headed ogre
 10784 | D:9      | Killed a two-headed ogre
 10784 | D:9      | Received a gift from Okawaru
 11181 | D:9      | Found Lucvor's Magic Scroll Emporium.
 11191 | D:9      | Bought 3 scrolls of identify for 60 gold pieces
 11191 | D:9      | Bought a scroll of identify for 20 gold pieces
 11191 | D:9      | Bought a scroll of identify for 20 gold pieces
 11316 | D:9      | Noticed NorthaanB's ghost (novice DrTm)
 11341 | D:9      | Killed NorthaanB's ghost
 11341 | D:9      | Reached skill level 10 in Fighting
 11806 | D:9      | Found a staircase to the Lair.
 11827 | D:9      | Reached skill level 10 in Unarmed Combat
 12046 | D:10     | Entered Level 10 of the Dungeon
 12116 | D:10     | Reached XP level 11. HP: 60/100 MP: 8/14
 12868 | D:10     | Noticed a two-headed ogre
 12875 | D:10     | Killed a two-headed ogre
 12875 | D:10     | Received a gift from Okawaru
 12875 | D:10     | Reached skill level 5 in Dodging
 13630 | Lair:1   | Entered Level 1 of the Lair of Beasts
 13637 | Lair:1   | Learned a level 5 spell: Blade Hands
 13686 | Lair:1   | Reached skill level 1 in Invocations
 14042 | Lair:1   | Received a gift from Okawaru
 14191 | Lair:1   | HP: 4/101 [blink frog (12)]
 14210 | Lair:1   | Reached skill level 11 in Fighting
 14389 | Lair:1   | Reached XP level 12. HP: 110/110 MP: 15/18
 14620 | Lair:2   | Received a gift from Okawaru
 14791 | Lair:2   | Reached ****** piety under Okawaru
 14826 | Lair:2   | Noticed an eight-headed hydra
 14838 | Lair:2   | Killed an eight-headed hydra
 15656 | Lair:3   | Reached skill level 5 in Invocations
 15826 | Lair:3   | Noticed Fannar
 15834 | Lair:3   | Killed Fannar
 16105 | Lair:3   | Noticed Snorg
 16114 | Lair:3   | Killed Snorg
 16760 | Lair:4   | Reached skill level 5 in Spellcasting
 16774 | Lair:4   | Reached skill level 12 in Fighting
 17104 | Lair:4   | Found a runed door.
 17130 | Lair:4   | Reached XP level 13. HP: 115/118 MP: 14/20
 17213 | Lair:4   | Received a gift from Okawaru
 17542 | Lair:4   | Found a hole to the Spider Nest.
 17958 | Lair:4   | Found a staircase to the Swamp.
 18247 | Lair:5   | Noticed Josephine
 18271 | Lair:5   | Killed Josephine
 18427 | Lair:5   | Found a staircase to the Slime Pits.
 18427 | Lair:5   | Found a viscous altar of Jiyva.
 19120 | Lair:6   | Entered Level 6 of the Lair of Beasts
 20112 | Lair:6   | Received a gift from Okawaru
 20350 | Lair:6   | Reached XP level 14. HP: 83/127 MP: 24/24
 20406 | Lair:6   | Reached skill level 13 in Fighting
 20443 | Lair:6   | Received a gift from Okawaru
 20494 | Lair:6   | Got a pair of dazzling gloves {god gift}
 20505 | Lair:6   | Identified the +2 pair of gloves of the Hunter {Dex+6 Stlth-} (Okawaru gifted it to you on level 6 of the Lair of Beasts)
 21115 | Lair:6   | Identified the Incunabulum of Lethal Envenoming
 21266 | Lair:6   | Reached skill level 15 in Unarmed Combat
 21277 | Lair:6   | Reached skill level 1 in Evocations
 21725 | D:11     | Found a staircase to the Orcish Mines.
 23474 | D:13     | Received a gift from Okawaru
 23787 | D:13     | Noticed Nessos
 23816 | D:13     | Killed Nessos
 24169 | D:13     | Reached skill level 10 in Dodging
 24714 | D:14     | Cast into level 2 of the Abyss (a wizard)
 24734 | Abyss:2  | Found a corrupted altar of Lugonu.
 24905 | Abyss:2  | Noticed a balrug
 24914 | Abyss:2  | Killed a balrug
 24914 | Abyss:2  | Reached XP level 15. HP: 62/137 MP: 1/26
 24946 | Abyss:2  | Noticed a tentacled starspawn
 24952 | Abyss:2  | Killed a tentacled starspawn
 24952 | Abyss:2  | Received a gift from Okawaru
 24962 | Abyss:2  | Identified a +2 pair of boots of running (Okawaru gifted it to you on level 2 of the Abyss)
 25220 | Abyss:2  | Noticed a tentacled starspawn
 25232 | Abyss:2  | Killed a tentacled starspawn
 25412 | D:14     | Escaped the Abyss
 25589 | D:14     | Reached skill level 14 in Fighting
 25875 | D:14     | Learned a level 3 spell: Regeneration
 25877 | D:14     | Learned a level 1 spell: Apportation
 25897 | D:14     | Received a gift from Okawaru
 26034 | D:14     | Reached skill level 1 in Charms
 26252 | D:14     | Noticed Kirke
 26256 | D:14     | Reached skill level 1 in Necromancy
 26262 | D:14     | Killed Kirke
 26644 | D:14     | Found a gate to the Vaults.
 26691 | D:15     | Entered Level 15 of the Dungeon
 26771 | D:15     | Noticed Louise
 26802 | D:15     | Killed Louise
 27083 | D:15     | Received a gift from Okawaru
 27132 | D:15     | Reached skill level 1 in Shields
 27391 | Orc:1    | Entered Level 1 of the Orcish Mines
 27621 | Orc:1    | Reached XP level 16. HP: 135/146 MP: 25/28
 27906 | Orc:2    | Entered Level 2 of the Orcish Mines
 27960 | Orc:2    | Found a staircase to the Elven Halls.
 28257 | Orc:2    | Found a roughly hewn altar of Beogh.
 28258 | Orc:2    | Found Gyeroly's Gadget Boutique.
 28531 | Orc:2    | Found a roughly hewn altar of Beogh.
 28709 | Orc:2    | Reached skill level 5 in Shields
 28950 | Orc:2    | Found a roughly hewn altar of Beogh.
 28970 | Orc:2    | Found Pipeanot's Book Emporium.
 29016 | Orc:2    | Found a roughly hewn altar of Beogh.
 29389 | Orc:2    | Found Zavuwet's Antique Weapon Emporium.
 29391 | Orc:2    | Found a roughly hewn altar of Beogh.
 29393 | Orc:2    | Found Hoakkaing's Antique Armour Shoppe.
 29679 | Swamp:1  | Entered Level 1 of the Swamp
 31162 | Swamp:2  | Found a frozen archway.
 31168 | IceCv    | Entered an ice cave
 31272 | IceCv    | Received a gift from Okawaru
 31942 | IceCv    | Noticed an Ice Fiend
 32360 | IceCv    | Killed an Ice Fiend
 32455 | IceCv    | Learned a level 4 spell: Animate Dead
 32460 | IceCv    | Learned a level 4 spell: Control Undead
 32462 | IceCv    | Learned a level 1 spell: Animate Skeleton
 32464 | IceCv    | Got a smoking wooden ring
 32465 | IceCv    | Identified the ring of Checkmate {Ice rElec Int+2} (You found it in an ice cave)
 32488 | IceCv    | Got a pair of crude gloves
 32489 | IceCv    | Identified the +1 pair of gloves "Ychae" {-Cast rF++ rC+} (You found it in an ice cave)
 33370 | Swamp:3  | Received a gift from Okawaru
 33820 | Swamp:3  | Got a fine cloak
 33821 | Swamp:3  | Identified the +2 cloak of Duck's Teeth {rCorr} (You found it on level 3 of the Swamp)
 34170 | Swamp:4  | Entered Level 4 of the Swamp
 34174 | Swamp:4  | Noticed a thorn hunter
 34639 | Swamp:3  | Reached skill level 15 in Fighting
 34847 | Swamp:4  | Reached XP level 17. HP: 156/156 MP: 23/29
 34876 | Swamp:4  | Reached skill level 5 in Necromancy
 34877 | Swamp:4  | Received a gift from Okawaru
 35279 | Swamp:4  | Got a decaying rune of Zot
 35607 | Spider:1 | Entered Level 1 of the Spider Nest
 37583 | Spider:2 | HP: 9/187 [tarantella (9)]
 37591 | Spider:4 | Entered Level 4 of the Spider Nest
 38196 | Spider:2 | Received a gift from Okawaru
 38703 | Spider:2 | Noticed Donald
 38713 | Spider:2 | Killed Donald
 41260 | Spider:4 | Reached skill level 10 in Shields
 41260 | Spider:4 | Reached XP level 18. HP: 166/166 MP: 30/30
 42021 | Spider:4 | HP: 9/199 [poisoned by a redback]
 42483 | Spider:4 | Reached skill level 5 in Evocations
 42683 | Spider:4 | Received a gift from Okawaru
 42853 | Spider:4 | Got a gossamer rune of Zot
 43243 | Elf:1    | Entered Level 1 of the Elven Halls
 44274 | Elf:2    | Found Wuwud's Distillery.
 44283 | Elf:2    | Bought a potion of agility for 48 gold pieces
 44283 | Elf:2    | Bought a potion of might for 48 gold pieces
 44283 | Elf:2    | Bought 2 potions of curing for 72 gold pieces
 44283 | Elf:2    | Bought a potion of mutation for 96 gold pieces
 44283 | Elf:2    | Bought a potion of curing for 36 gold pieces
 44358 | Elf:2    | Found Ytuhoe's Weapon Shop.
 44462 | Elf:2    | Found Zaraor's Jewellery Emporium.
 44472 | Elf:2    | Bought the ring of Diecreod {rElec rC+ MR+ Dex+2} for 953 gold pieces
 44495 | Elf:2    | Found a runed gate.
 44495 | Elf:2    | Found a runed gate.
 44495 | Elf:2    | Found a runed gate.
 44621 | Elf:2    | Found Vamay's Jewellery Emporium.
 44630 | Elf:2    | Bought an uncursed ring of poison resistance for 340 gold pieces
 44684 | Elf:2    | Found Reifoyh's Armour Shoppe.
 44786 | Elf:3    | Entered Level 3 of the Elven Halls
 45515 | Elf:3    | Reached skill level 16 in Fighting
 45668 | Elf:3    | Reached skill level 10 in Transmutations
 45691 | Elf:3    | Cast into level 3 of the Abyss (a deep elf sorcerer)
 45869 | Abyss:3  | Reached XP level 19. HP: 132/173 MP: 29/31
 45925 | Elf:3    | Escaped the Abyss
 46259 | Elf:3    | Received a gift from Okawaru
 47179 | Elf:3    | Received a gift from Okawaru
 47247 | Elf:3    | Identified the Volume of Transmigration and Snow
 47291 | Elf:3    | Got a steaming ivory amulet
 47292 | Elf:3    | Identified the amulet of the Raven {Inacc rPois rF+ Str+2 Int+4} (You found it on level 3 of the Elven Halls)
 47645 | Vaults:1 | Entered Level 1 of the Vaults
 47720 | Vaults:1 | Reached skill level 17 in Fighting
 48385 | Vaults:1 | Received a gift from Okawaru
 48432 | Vaults:1 | Got a scorched buckler {god gift}
 48433 | Vaults:1 | Identified the +1 buckler "Wizivay" {-Cast rCorr Int+8 SInv} (Okawaru gifted it to you on level 1 of the Vaults)
 49438 | Vaults:2 | Got a steaming graven amulet
 49450 | Vaults:2 | Identified the amulet "Baqi" {Inacc +Fly} (You found it on level 2 of the Vaults)
 49917 | Vaults:2 | Reached XP level 20. HP: 187/187 MP: 32/32
 49991 | Vaults:2 | Reached skill level 18 in Fighting
 50053 | Vaults:2 | Found a staircase to the Crypt.
 50130 | Vaults:2 | Received a gift from Okawaru
 51452 | Vaults:3 | Received a gift from Okawaru
 51742 | Vaults:3 | Noticed Jory
 51751 | Vaults:3 | Killed Jory
 52175 | Vaults:4 | Received a gift from Okawaru
 52178 | Vaults:4 | Got a pair of dazzling boots {god gift}
 52179 | Vaults:4 | Identified the +1 pair of boots of the Blizzard {Int+3} (Okawaru gifted it to you on level 4 of the Vaults)
 52975 | Vaults:4 | Reached XP level 21. HP: 182/196 MP: 26/33
 52986 | Vaults:4 | Reached skill level 19 in Fighting
 53681 | D:15     | Found a staircase to the Depths.
 53743 | D:15     | Reached skill level 10 in Evocations
 53767 | D:15     | Found a shimmering altar of Xom.
 53992 | D:15     | Received a gift from Okawaru
 54075 | D:15     | Paralysed by a hornet for 3 turns
 54534 | Depths:1 | Entered Level 1 of the Depths
 54534 | Depths:1 | Noticed Bai Suzhen
 54546 | Depths:1 | Killed Bai Suzhen
 54703 | Depths:1 | Found a one-way gate to the infinite horrors of the Abyss.
 54792 | Depths:1 | Found a gateway to Hell.
 54792 | Depths:1 | Noticed Margery
 54810 | Depths:1 | Killed Margery
 55131 | Depths:1 | Found a one-way gate leading to the halls of Pandemonium.
 55384 | Depths:1 | Received a gift from Okawaru
 55616 | Depths:1 | Found a runed door.
 56072 | Depths:1 | Found a roughly hewn altar of Beogh.
 56371 | Depths:2 | Found a transporter.
 56723 | Depths:2 | Gained mutation: You are somewhat resistant to further mutation. [a cacodemon]
 56883 | Depths:2 | Paralysed by a floating eye for 4 turns
 57054 | Depths:2 | Found a transporter.
 57076 | Depths:2 | Identified a scroll of acquirement
 57087 | Depths:2 | Learned a level 5 spell: Dispel Undead
 57361 | Depths:1 | Reached skill level 15 in Dodging
 58137 | Depths:2 | Learned a level 7 spell: Dragon Form
 58366 | Depths:3 | Reached XP level 22. HP: 207/207 MP: 31/34
 58756 | Depths:3 | Noticed Sojobo
 58768 | Depths:3 | Killed Sojobo
 58930 | Depths:3 | Noticed a golden dragon
 58942 | Depths:3 | Killed a golden dragon
 59260 | Depths:3 | Received a gift from Okawaru
 59262 | Depths:3 | Noticed a greater mummy
 59306 | Depths:3 | Killed a greater mummy
 59306 | Depths:3 | Reached skill level 10 in Spellcasting
 59336 | Depths:3 | Noticed a greater mummy
 59345 | Depths:3 | Killed a greater mummy
 59352 | Depths:3 | Noticed a greater mummy
 59360 | Depths:3 | Killed a greater mummy
 60349 | Depths:4 | Noticed Boris
 60540 | Depths:4 | Received a gift from Okawaru
 60817 | Depths:4 | Killed Boris
 60870 | Depths:4 | Identified Sif Muna's Grimoire of the Creative Rocks
 60888 | Depths:4 | Noticed Mennas
 60894 | Depths:4 | Killed Mennas
 60894 | Depths:4 | Reached XP level 23. HP: 215/215 MP: 36/39
 61185 | Depths:4 | Reached skill level 15 in Transmutations
 61503 | Depths:4 | Found a gateway to a ziggurat.
 61571 | Depths:5 | Entered Level 5 of the Depths
 61654 | Depths:5 | Noticed Boris
 61660 | Depths:5 | Killed Boris
 61985 | Depths:5 | Received a gift from Okawaru
 61994 | Depths:5 | Got a faintly glowing hat {god gift}
 61995 | Depths:5 | Identified the +0 hat of the Moon {Int+3} (Okawaru gifted it to you on level 5 of the Depths)
 62628 | Depths:5 | Noticed the Enchantress
 62633 | Depths:5 | Killed the Enchantress
 62760 | Depths:5 | Found a gate to the Realm of Zot.
 62991 | Depths:4 | Voluntarily entered the Abyss.
 63308 | Abyss:2  | Reached skill level 20 in Fighting
 63475 | Abyss:2  | Found a bloodstained altar of Trog.
 63734 | Abyss:3  | Reached XP level 24. HP: 224/224 MP: 38/39
 64268 | Abyss:4  | Received a gift from Okawaru
 64287 | Abyss:4  | Reached skill level 21 in Fighting
 64967 | Abyss:4  | Received a gift from Okawaru
 65071 | Abyss:4  | Got an abyssal rune of Zot
 65188 | Abyss:4  | Reached skill level 22 in Fighting
 65308 | Abyss:4  | Received a gift from Okawaru
 65330 | Abyss:4  | Found a corrupted altar of Lugonu.
 65347 | Abyss:4  | Found a corrupted altar of Lugonu.
 65612 | Abyss:4  | Reached XP level 25. HP: 240/240 MP: 21/39
 65738 | Depths:4 | Escaped the Abyss
 65801 | Zig:1    | Entered Level 1 of a ziggurat
 65825 | Zig:2    | Entered Level 2 of a ziggurat
 65852 | Zig:3    | Entered Level 3 of a ziggurat
 65876 | Zig:3    | Reached skill level 23 in Fighting
 65893 | Zig:4    | Entered Level 4 of a ziggurat
 65934 | Zig:5    | Entered Level 5 of a ziggurat
 66034 | Zot:1    | Entered Level 1 of the Realm of Zot
 66679 | Zot:3    | Received a gift from Okawaru
 66687 | Zot:3    | Found Upuari Wuasa's Changing Room.
 67063 | Zot:3    | Reached skill level 24 in Fighting
 67398 | Zot:3    | Received a gift from Okawaru
 67623 | Zot:5    | Entered Level 5 of the Realm of Zot
 68721 | Zot:5    | Reached XP level 26. HP: 257/257 MP: 30/39
 68729 | Zot:5    | Reached skill level 25 in Fighting
 68962 | Zot:5    | Noticed an ancient lich
 68972 | Zot:5    | Killed an ancient lich
 68972 | Zot:5    | Received a gift from Okawaru
 68974 | Zot:5    | Noticed an orb of fire
 68976 | Zot:5    | Noticed an orb of fire
 68986 | Zot:5    | Noticed an ancient lich
 68988 | Zot:5    | Killed an orb of fire
 68991 | Zot:5    | Killed an orb of fire
 68993 | Zot:5    | Noticed an orb of fire
 69000 | Zot:5    | Noticed an orb of fire
 69003 | Zot:5    | Noticed an orb of fire
 69015 | Zot:5    | Killed an orb of fire
 69019 | Zot:5    | Noticed an ancient lich
 69022 | Zot:5    | Killed an ancient lich
 69025 | Zot:5    | Killed an ancient lich
 69025 | Zot:5    | Reached skill level 26 in Fighting
 69025 | Zot:5    | Gained mutation: You are clumsy. (Dex -2) [an orb of fire]
 69026 | Zot:5    | Killed an orb of fire
 69455 | Zot:5    | Noticed an ancient lich
 69462 | Zot:5    | Killed an ancient lich
 69680 | Zot:5    | Killed an orb of fire
 69707 | Zot:5    | Received a gift from Okawaru
 69710 | Zot:5    | Noticed an ancient lich
 69718 | Zot:5    | Killed an ancient lich
 69933 | Zot:5    | Reached skill level 27 in Fighting
 69933 | Zot:5    | Reached XP level 27. HP: 273/273 MP: 39/39
 70020 | Zot:5    | Got the Orb of Zot
 70245 | Depths:2 | Noticed Quqis the pandemonium lord
 70249 | Depths:2 | Killed Quqis the pandemonium lord
 70462 | D:10     | Noticed Athroamp the pandemonium lord
 70475 | D:10     | Killed Athroamp the pandemonium lord
 70626 | D:10     | Noticed Vibitum the pandemonium lord
 70634 | D:10     | Killed Vibitum the pandemonium lord
 70848 | D:1      | Noticed Uboam the pandemonium lord
 70857 | D:1      | Killed Uboam the pandemonium lord
 70956 | D:$      | Escaped with the Orb!

Skill      XL: |  1  2  3  4  5  6  7  8  9 10 11 12 13 14 15 16 17 18 19 20 21 22 23 24 25 26 27 |
---------------+----------------------------------------------------------------------------------+-----
Fighting       | 2 3 4 5 7 9 10 11 12 13 14 15 16 17 18 19 20 22 24 27 | 27.0
Unarmed Combat | 4 5 6 7 8 10 11 13 14 15 16 17 18 19 20 21 22 23 24 | 24.4
Transmutations | 3 4 5 6 7 8 9 10 11 14 18 | 18.0
Poison Magic   | 1 2 |  2.0
Ice Magic      | 1 2 |  2.5
Dodging        | 2 4 6 7 9 10 11 12 13 14 15 16 | 16.4
Spellcasting   | 4 5 7 8 12 | 12.0
Invocations    | 3 5 |  5.0
Evocations     | 4 8 9 11 | 11.4
Charms         | 2 |  2.2
Necromancy     | 2 4 7 |  7.4
Shields        | 3 9 10 12 | 12.4

Action                   |  1- 3 |  4- 6 |  7- 9 | 10-12 | 13-15 | 16-18 | 19-21 | 22-24 | 25-27 || total
-------------------------+-------+-------+-------+-------+-------+-------+-------+-------+-------++-------
Melee: Unarmed           |   132 |   231 |   332 |   584 |  1312 |  2172 |  1921 |  1372 |   549 ||  8605
       Tailslap          |    13 |    25 |    28 |    41 |   136 |   236 |   395 |   264 |   113 ||  1251
       Punch             |     1 |     2 |     7 |    21 |    60 |    17 |    41 |   101 |    44 ||   294
       Kick              |       |     1 |       |     1 |       |       |       |       |       ||     2
       Headbutt          |       |     1 |       |       |       |       |    10 |       |       ||    11
       Bite              |       |       |       |       |       |       |       |    74 |    63 ||   137
Throw: Throwing net      |       |       |       |       |       |     1 |       |     2 |       ||     3
 Cast: Beastly Appendage |     3 |     4 |       |     1 |       |       |     1 |       |       ||     9
       Sticks to Snakes  |     6 |     6 |       |     5 |     6 |       |    22 |       |       ||    45
       Spider Form       |       |     6 |     3 |       |     2 |     1 |       |       |       ||    12
       Ice Form          |       |       |     7 |    27 |    28 |    68 |     1 |       |       ||   131
       Blade Hands       |       |       |       |    13 |    54 |    16 |    33 |    12 |       ||   128
       Regeneration      |       |       |       |       |       |     5 |    17 |    40 |    31 ||    93
       Animate Dead      |       |       |       |       |       |     4 |     9 |     3 |       ||    16
       Dragon Form       |       |       |       |       |       |       |       |    35 |    30 ||    65
Invok: Heroism           |       |     1 |     1 |     5 |    13 |    49 |    47 |    28 |    25 ||   169
       Finesse           |       |       |       |     1 |     3 |     5 |     3 |     2 |     6 ||    20
 Abil: Breathe Fire      |       |       |    12 |    14 |    31 |    22 |    21 |     7 |     1 ||   108
       End Transformatio |       |       |       |     1 |     4 |    10 |     1 |     5 |       ||    21
Evoke: Wand              |       |       |       |       |     4 |    24 |     2 |     6 |    16 ||    52
       Box of beasts     |       |       |       |       |       |     1 |       |       |       ||     1
       Sack of spiders   |       |       |       |       |       |     1 |       |       |       ||     1
       Lamp of fire      |       |       |       |       |       |     2 |       |       |       ||     2
       Lightning rod     |       |       |       |       |       |       |       |     1 |       ||     1
  Use: Scroll            |       |       |    19 |     7 |    18 |    16 |    17 |    12 |     9 ||    98
       Potion            |       |       |     4 |     5 |     1 |    10 |     1 |     3 |     7 ||    31
 Stab: Sleeping          |     1 |     3 |     1 |       |     2 |       |       |       |     1 ||     8
       Distracted        |       |       |       |     1 |       |     2 |     5 |     1 |       ||     9
       Confused          |       |       |       |       |       |     4 |       |       |       ||     4
       Held in net/web   |       |       |       |       |       |     1 |       |       |       ||     1
  Eat: Chunk             |     3 |    10 |    21 |    36 |    53 |    50 |    33 |    14 |     1 ||   221
       Royal jelly       |       |       |       |     1 |     3 |     4 |     1 |       |       ||     9
       Bread ration      |       |       |       |       |       |     1 |     1 |     4 |     4 ||    10
       Meat ration       |       |       |       |       |       |     2 |     3 |     3 |     3 ||    11
       Fruit             |       |       |       |       |       |       |     3 |     2 |     1 ||     6
Armor: Skin              |    35 |    90 |   120 |   134 |   285 |   462 |   234 |   264 |   220 ||  1844
Dodge: Dodged            |    89 |   200 |   192 |   373 |   897 |  1523 |   869 |   654 |   283 ||  5080
       Deflected         |       |       |       |       |       |    22 |    31 |    25 |     3 ||    81
Block: Shield            |       |       |       |       |       |   603 |   672 |   322 |    94 ||  1691
       Large shield      |       |       |       |       |       |       |     4 |       |       ||     4
